 Dungeon Crawl Stone Soup version 0.29.1-2-gbd0b4ee654 (webtiles) character file.

Game seed: 17708771501880643912

490 Omegus91 the Insei (level 6, 0/51 HPs)
             Began as a Draconian Transmuter on Nov 7, 2022.
             Was a Follower of Okawaru.
             Slain by a jelly (2 damage)
             ... on level 5 of the Dungeon on Nov 8, 2022.
             The game lasted 00:17:33 (5679 turns).

Omegus91 the Insei (Draconian Transmuter)           Turns: 5679, Time: 00:17:34

Health: 0/51       AC: -4    Str: 13    XL:     6   Next: 90%
Magic:  9/9        EV: 12    Int: 13    God:    Okawaru [*.....]
Gold:   334        SH:  0    Dex: 13    Spells: 3/9 levels left

rFire   + . .      SeeInvis .     - Unarmed
rCold   . . .      Faith    .   (no shield)
rNeg    . . .      Spirit   .   (body armour unavailable)
rPois   .          Reflect  .   (helmet restricted)
rElec   .          Harm     .   c - +0 cloak
rCorr   .          Rampage  .   l - +0 pair of gloves
Will    .....                   (no boots)
Stlth   ++........              (no amulet)
HPRegen 0.17/turn               e - +4 ring of protection
MPRegen 0.11/turn               d - ring of protection from fire

@: brilliant, corroded, studying Stealth
A: AC +6, unfitting armour, cold-blooded
a: Renounce Religion, Heroism


You were on level 5 of the Dungeon.
You worshipped Okawaru.
Okawaru was aware of your devotion.
You visited 2 branches of the dungeon, and saw 6 of its levels.

You collected 334 gold pieces.

Inventory:

Missiles
 i - 4 atropa-tipped darts
 j - 3 curare-tipped darts
 m - 4 poisoned darts
Armour
 c - a +0 cloak (worn)
 l - a +0 pair of gloves (worn)
Jewellery
 d - a ring of protection from fire (right hand)
 e - a +4 ring of protection (left hand)
Scrolls
 n - a scroll of noise {unknown}
Potions
 a - 2 potions of lignification
 f - a potion of curing {unknown}
 g - a potion of cancellation
 h - 2 potions of attraction
 k - a potion of might


   Skills:
 + Level 3.5 Fighting
 - Level 1.9 Dodging
 - Level 2.0 Stealth
 * Level 5.5 Unarmed Combat
 - Level 2.1 Spellcasting
 + Level 3.6 Transmutations
 - Level 2.0 Poison Magic


You had 3 spell levels left.
You knew the following spells:

 Your Spells              Type           Power      Damage    Failure   Level
a - Beastly Appendage     Tmut           32%        N/A       5%          1
b - Wereblood             Tmut           16%        N/A       9%          2
c - Spider Form           Tmut/Pois      13%        N/A       24%         3

Your spell library contained the following spells:

 Spells                   Type           Power      Damage    Failure   Level
 Shock                    Conj/Air       8%         1d3       26%         1
 Blink                    Tloc           4%         N/A       36%         2
 Dazzling Flash           Conj/Hex       4%         N/A       58%         3
 Lesser Beckoning         Tloc           2%         N/A       58%         3
 Swiftness                Air            2%         N/A       58%         3
 Ice Form                 Ice/Tmut       9%         N/A       75%         4
 Airstrike                Air            1%         2d(1-17)  94%         4
 Agony                    Necr           2%         N/A       100%        5
 Manifold Assault         Tloc           2%         N/A       100%        5
 Silence                  Hex/Air        1%         N/A       100%        5


Dungeon Overview and Level Annotations

Branches:
Dungeon (5/15)             Temple (1/1) D:4

Altars:
Ashenzari
Cheibriados
Dithmenos
Elyvilon
Fedhas
Hepliaklqana
Kikubaaqudgha
Makhleb
Nemelex Xobeh
Okawaru
Qazlal
Ru
Trog
Uskayaw
Wu Jian
Xom

Annotations:
D:3 2 transporters


Innate Abilities, Weirdness & Mutations

Your plain brown scales are hard. (AC +6)
You cannot fit into any form of body armour.
You are cold-blooded and may be slowed by cold attacks.


Message History

You hit the iguana. You claw the iguana.
You kill the iguana!
Okawaru accepts your kill.
No target in view!
Your horns disappear.
Your talons disappear.
You hear the slow hiss of a very distant avalanche of sand.
HP restored.
n - a scroll labelled SIENKYPP YVUA You hear the slow hiss of a very distant avalanche of sand.
There is a stone staircase leading up here.
An iguana comes into view.
A jelly comes into view.
The jelly quivers.
You see here 13 gold pieces.
You now have 334 gold pieces (gained 13).
Found a weird smoking staff.
You hit the jelly.
Your hands burn!
The jelly is lightly wounded.
The jelly misses you. The iguana bites you.
You hit the jelly. The acid corrodes you!
Your hands burn!
The jelly is lightly wounded.
You hit the jelly.
Your hands burn!
You punch the jelly, but do no damage.
The jelly is moderately wounded.
The jelly hits you.
You are splashed with acid!
The iguana bites you but does no damage.
You hit the jelly. The acid corrodes you!
Your hands burn!
The jelly is severely wounded.
The jelly hits you.
You are splashed with acid.
The iguana bites you!
You hit the jelly. The acid corrodes you!
Your hands burn!
* * * LOW HITPOINT WARNING * * *
The jelly is severely wounded.
The jelly barely misses you. The jelly attacks as you move away!
The jelly hits you.
* * * LOW HITPOINT WARNING * * *
The acid corrodes you!
You are splashed with acid!
* * * LOW HITPOINT WARNING * * *
It was a potion of brilliance.
You feel clever all of a sudden. The jelly hits you.
You die...

#.####.8888 #.## #####
#.##.<..... #.... ...#
#.##.#..... #..
#.##.###..........
###.. #..........#.....
.......##.###.#.#..8888
#..# #.# #.##...8888
#..#####.# #.# ##.....
#..lJ@...# #.. ....#.
......######## #.#
##... |.### #.# ##. #.#


You could see an iguana and a jelly.

Vanquished Creatures
  Menkaure (D:4)
  A necrophage (D:4)
  A scorpion (D:3)
  2 iguanas
  Robin (D:3)
  4 gnolls
  4 adders (D:2)
  2 worms
  2 dart slugs
  2 orcs
  5 ball pythons
  3 endoplasms
  14 giant cockroaches
  22 goblins
  12 hobgoblins
  6 kobolds
  2 quokkas (D:3)
  9 bats
  4 frilled lizards
  5 rats
102 creatures vanquished.

Notes
Turn   | Place    | Note
-------+----------+-------------------------------------------
     0 | D:1      | Omegus91 the Draconian Transmuter began the quest for the
                  | Orb.
     0 | D:1      | Reached XP level 1. HP: 16/16 MP: 3/3
   371 | D:1      | Reached XP level 2. HP: 23/23 MP: 3/5
   540 | D:1      | Reached skill level 1 in Stealth
   959 | D:1      | Reached XP level 3. HP: 27/28 MP: 4/6
  1218 | D:2      | Identified the +3 sling of Action {vorpal, Fly}
  1414 | D:2      | HP: 2/43 [frozen (1)]
  1764 | D:2      | Found a faded altar of an unknown god.
  1889 | D:2      | Reached XP level 4. HP: 36/36 MP: 5/7
  2482 | D:3      | Found a transporter.
  2517 | D:3      | Learned a level 2 spell: Wereblood
  2521 | D:3      | Learned a level 3 spell: Spider Form
  2540 | D:3      | Noticed Robin
  2551 | D:3      | Reached skill level 4 in Unarmed Combat
  2557 | D:3      | Killed Robin
  2847 | D:3      | Found a transporter.
  3131 | D:3      | Noticed a scorpion
  3145 | D:3      | Killed a scorpion
  3146 | D:3      | Reached skill level 1 in Poison Magic
  3146 | D:3      | Reached XP level 5. HP: 16/42 MP: 6/8
  3391 | D:4      | Found a staircase to the Ecumenical Temple.
  3710 | Temple   | Entered the Ecumenical Temple
  3966 | Temple   | Became a worshipper of Warmaster Okawaru
  4576 | D:4      | Reached XP level 6. HP: 45/51 MP: 7/9
  4611 | D:4      | Noticed Menkaure
  4678 | D:4      | Killed Menkaure
  4678 | D:4      | Reached * piety under Okawaru
  4679 | D:4      | Reached skill level 5 in Unarmed Combat
  4702 | D:4      | Found a hide-covered altar of Uskayaw.
  4727 | D:4      | Found a burning altar of Makhleb.
  4765 | D:4      | Found a blossoming altar of Fedhas.
  4768 | D:4      | Found a sparkling altar of Nemelex Xobeh.
  5493 | D:5      | Entered Level 5 of the Dungeon
  5678 | D:5      | HP: 2/51 [acid (8)]
  5679 | D:5      | Slain by a jelly

Illustrated notes

Levels and vault maps discovered:
D:1:      minmay_arrival_three_doors, layout_loops_cross
D:2:      minmay_roachtagon, layout_loops_ring,
          hellmonk_ecumenical_altar_crossroads
D:3:      gammafunk_steamed_eel, layout_rooms, uniq_robin
D:4:      layout_loops_cross, mainiacjoe_overflow_six_doors_small,
          nicolae_uskayaw_murder_on_the_dancefloor, minitemple,
          minmay_temple_entry_sparse_star, chequers_serial_rivers_large_a,
          uniq_menkaure
D:5:      layout_loops_cross, nicolae_vehumet_altar_sigil, enter_ossuary_4,
          hellmonk_bongcloud_opening
Temple:   minmay_temple_bridge_abc

Skill      XL: |  1  2  3  4  5  6 |
---------------+-------------------+-----
Stealth        | 1 2 |  2.0
Fighting       | 2 3 |  3.5
Unarmed Combat | 4 5 |  5.5
Transmutations | 3 |  3.6
Poison Magic   | 1 2 |  2.0
Dodging        | |  1.9
Spellcasting   | |  2.1

Action                   |  1- 3 |  4- 6 || total
-------------------------+-------+-------++-------
Melee: Unarmed           |   102 |   168 ||   270
       Kick              |    20 |    32 ||    52
       Tailslap          |     9 |    21 ||    30
       Punch             |     3 |     7 ||    10
       Headbutt          |    10 |    17 ||    27
 Cast: Beastly Appendage |    24 |    23 ||    47
       Wereblood         |       |     5 ||     5
  Use: Potion            |     1 |     1 ||     2
       Scroll            |       |    11 ||    11
 Stab: Sleeping          |     2 |     1 ||     3
Armor: Skin              |    52 |    80 ||   132
Dodge: Dodged            |    65 |   118 ||   183
